AoeStats
← Paladinho

Arabia

505376335Analyzed
1v1 RM · 22d ago on Sep 9, 2026· 44m 50s· 2 players
Game mode
Random Map
Map size
Tiny (2 player)
Population
200
Speed
Normal
Resources
Standard
Victory
Conquest
Starting age
Dark Age
Ending age
Imperial Age
RankedLock teamsTeams togetherTeam positionsShared explorationLock speedFull tech treeHidden civsTurbo modeCheats
Victory
Defeat
🇺🇸 Spanish · United States
1074
+13
🇻🇪 Maya · Venezuela
1018
-13
Paladinho
0:32 Loom
10:56 Feudal Age
11:40 Double-Bit Axe
11:40 Horse Collar
14:59 Fletching
24:03 Castle Age
24:06 Eagle Warrior
24:47 Scale Mail Armor
25:29 Forging
26:13 Squires
26:02 Arson
28:18 Chain Mail Armor
28:42 Iron Casting
28:07 Town Watch
28:58 Wheelbarrow
28:34 Heavy Plow
32:58 Fervor
40:49 Imperial Age
38:41 Devotion
40:54 Elite Eagle Warrior
42:06 Plate Mail Armor
45:02 Conscription
45:13 Holcans
iAmTheCamel
6:01 Loom
9:42 Feudal Age
15:01 Double-Bit Axe
17:13 Scale Barding Armor
21:18 Castle Age
19:10 Horse Collar
21:52 Bloodlines
22:35 Bow Saw
24:04 Gold Mining
27:36 Chain Barding Armor
27:20 Husbandry
27:54 Thumb Ring
30:06 Wheelbarrow
30:16 Wheelbarrow
30:34 Forging
30:28 Padded Archer Armor
29:58 Elite Skirmisher
32:14 Sanctity
32:20 Heavy Plow
32:42 Leather Archer Armor
32:21 Fletching
32:40 Town Watch
34:03 Iron Casting
33:52 Fervor
35:28 Bodkin Arrow
36:20 Light Cavalry
40:28 Imperial Age
38:32 Devotion
41:44 Hand Cart
40:54 Cavalier
42:12 Plate Barding Armor
42:23 Conscription
43:32 Hussar
46:18 Blast Furnace
45:48 Ring Archer Armor
Connection lost

Rejoining the realm…

Still unreachable

The connection could not be restored.

Session expired

The server has moved on; the page needs a fresh start.